[Event "Titled Tuesday Blitz May 03 Late 2022"]
[White "Vega Gutierrez, Sabrina"]
[Black "Lashkin, Jegor"]
[WhiteFideId "2219026"]
[BlackFideId "13907808"]
[WhiteElo "2286"]
[BlackElo "2368"]
[Result "0-1"]
[Round "11"]
[TimeControl "180+1"]
[Date "2022.05.03"]
[WhiteClock "0:00:01"]
[BlackClock "0:00:13"]

1. e4 c5 2. Nf3 d6 3. d4 cxd4 4. Qxd4 Nc6 5. Bb5 Bd7 6. Bxc6 Bxc6 7. Nc3 Nf6 8. Bg5 e6 9. O-O-O Be7 10. Qd3 Qa5 11. h4 h6 12. Bd2 Qc7 13. Nd4 O-O 14. f3 d5 15. e5 Qxe5 16. g4 Nd7 17. f4 Qc7 18. g5 h5 19. g6 Nc5 20. Qf3 fxg6 21. Rhg1 Rf6 22. f5 exf5 23. Bg5 Kh7 24. Bxf6 Bxf6 25. Nxf5 d4 26. Nd5 Bxd5 27. Qxd5 Qf4+ 28. Kb1 Qxf5 29. Qf7 d3 30. c3 Bxh4 31. Qc7 Rc8 32. Qh2 Bf6 33. Rdf1 Qe4 34. Ka1 Re8 35. Qg3 d2 36. Rd1 Rd8 37. Rxd2 Rxd2 38. Rb1 Qd5 39. Qg1 Nb3+ 0-1


[Site "https://www.chess.com"]

[Event "Titled Tuesday Blitz May 03 Late 2022"]
[White "Vlassov, Nikolai"]
[Black "Wagner, Dennis"]
[WhiteFideId "4103360"]
[BlackFideId "24650684"]
[WhiteElo "2407"]
[BlackElo "2355"]
[Result "1-0"]
[Round "11"]
[TimeControl "180+1"]
[Date "2022.05.03"]
[WhiteClock "0:00:35"]
[BlackClock "0:00:03"]

1. e4 c5 2. c3 Nf6 3. e5 Nd5 4. d4 cxd4 5. cxd4 d6 6. Bc4 Nb6 7. Bb3 dxe5 8. Qh5 e6 9. dxe5 Nc6 10. Nc3 g6 11. Qg5 Be7 12. Qg3 h5 13. Nf3 Qd3 14. Bg5 h4 15. Qf4 h3 16. Rd1 hxg2 17. Rg1 Qf5 18. Qxf5 exf5 19. Nb5 Bxg5 20. Nc7+ Ke7 21. Nxa8 Nxa8 22. Nxg5 Nxe5 23. Rxg2 f4 24. f3 f6 25. Re2 Nb6 26. Nf7 Rxh2 27. Nxe5 Rxe2+ 28. Kxe2 fxe5 29. Bc2 Bf5 30. Bxf5 gxf5 31. Rh1 Kd6 32. Rh7 Kc6 33. Rf7 Nc4 34. Rxf5 Kd5 35. b3 Nd6 36. Rh5 a5 37. Kd3 b6 38. Rh6 Nb7 39. Rxb6 Nc5+ 40. Ke2 Ne6 41. Rb5+ 1-0


[Site "https://www.chess.com"]

[Event "Titled Tuesday Blitz May 03 Late 2022"]
[White "Vovk, Orest"]
[Black "Rosen, Eric"]
[WhiteFideId "14113490"]
[BlackFideId "2032562"]
[WhiteElo "2203"]
[BlackElo "2362"]
[Result "0-1"]
[Round "11"]
[TimeControl "180+1"]
[Date "2022.05.03"]
[WhiteClock "0:00:04"]
[BlackClock "0:00:02"]

1. h4 e5 2. h5 h6 3. d4 exd4 4. Qxd4 Nc6 5. Qa4 Nf6 6. g4 b5 7. Qf4 Nb4 8. Na3 Nbd5 9. Qe5+ Be7 10. g5 d6 11. Qd4 c5 12. Qd1 hxg5 13. Bxg5 Qa5+ 14. Qd2 Qxd2+ 15. Bxd2 b4 16. Nc4 Rxh5 17. Rxh5 Nxh5 18. Bg2 Nhf6 19. O-O-O Be6 20. Bg5 O-O-O 21. Na5 Kc7 22. Nf3 Re8 23. Nd2 Nb6 24. Nc6 d5 25. Nxe7 Rxe7 26. e4 Rd7 27. Bxf6 gxf6 28. exd5 Nxd5 29. Ne4 Kb6 30. Bf1 f5 31. Ng5 Nf4 32. Rxd7 Bxd7 33. Bc4 f6 34. Nh7 Nh5 35. Bf7 Nf4 36. Nxf6 Bc6 37. Kd2 a5 38. Ke3 Ng2+ 39. Kd2 a4 40. Be6 f4 41. Bh3 Nh4 42. Nh5 Nf3+ 43. Kc1 Ng5 44. Bg4 f3 45. Kd2 Ne4+ 46. Ke3 Ng5 47. Nf6 a3 48. bxa3 bxa3 49. Ng8 Bd5 0-1


[Site "https://www.chess.com"]

[Event "Titled Tuesday Blitz May 03 Late 2022"]
[White "Vujic, Mihailo"]
[Black "Ansh M Shah"]
[WhiteFideId "918873"]
[BlackFideId "25033379"]
[WhiteElo "2256"]
[BlackElo "1819"]
[Result "1/2-1/2"]
[Round "11"]
[TimeControl "180+1"]
[Date "2022.05.03"]
[WhiteClock "0:00:03"]
[BlackClock "0:00:23"]

1. e4 c6 2. d4 d5 3. f3 dxe4 4. fxe4 e5 5. Nf3 Bg4 6. Bc4 Bxf3 7. Qxf3 Nf6 8. dxe5 Qa5+ 9. Nc3 Qxe5 10. Bf4 Qd4 11. Bb3 Bb4 12. e5 Nd5 13. Bxd5 Qxd5 14. Qxd5 cxd5 15. O-O-O Bxc3 16. bxc3 Nc6 17. Rxd5 Rd8 18. Rxd8+ Kxd8 19. Rd1+ Ke7 20. Bg5+ f6 21. exf6+ gxf6 22. Re1+ Kf7 23. Rf1 Re8 24. Rxf6+ Kg7 25. Rd6 Na5 26. Bh6+ Kf7 27. Rd7+ Re7 28. Rxe7+ Kxe7 29. Kd2 Ke6 30. Kd3 Kd5 31. g4 Nc6 32. Bg7 Nd8 33. Bd4 a6 34. c4+ Ke6 35. Ke4 b5 36. cxb5 axb5 37. c3 Nf7 38. h4 Nd6+ 39. Kf4 Nf7 40. g5 Nd6 41. h5 Nf7 42. g6 hxg6 43. hxg6 Nd8 44. g7 Kf7 45. Ke5 Kxg7 46. Kd6+ Kf7 47. Kc5 Ke6 48. Kxb5 Kd5 49. Bb6 Ne6 50. c4+ Kd6 51. a4 Kd7 52. Ka6 Kc8 53. Ka7 Nf8 54. c5 Nd7 55. c6 Ne5 56. c7 Nc6+ 57. Ka8 Nb4 58. a5 Nd5 59. Ka7 Nxc7 1/2-1/2


[Site "https://www.chess.com"]

[Event "Titled Tuesday Blitz May 03 Late 2022"]
[White "Wartiovaara, Oliver"]
[Black "Seletsky, Grigory"]
[WhiteFideId "513024"]
[BlackFideId "14112191"]
[WhiteElo "1971"]
[BlackElo "2492"]
[Result "0-1"]
[Round "11"]
[TimeControl "180+1"]
[Date "2022.05.03"]
[WhiteClock "0:00:01"]
[BlackClock "0:00:29"]

1. e4 e6 2. d4 d5 3. Nc3 Nc6 4. e5 Nge7 5. Nf3 Nf5 6. Bb5 Bd7 7. O-O Be7 8. Ne2 Nxe5 9. Nxe5 Bxb5 10. a4 Bxe2 11. Qxe2 Nxd4 12. Qd3 c5 13. Be3 Nc6 14. Nxc6 bxc6 15. b3 O-O 16. f4 Qa5 17. g3 Qb4 18. Rab1 a5 19. c3 Qe4 20. Qxe4 dxe4 21. f5 Rad8 22. fxe6 fxe6 23. Rfe1 Rd3 24. Bf4 Rxc3 25. Rxe4 Kf7 26. Bd2 Rd3 27. Bxa5 Rb8 28. Rbe1 Rbxb3 29. Rxe6 Bf6 30. Rxc6 Rb2 31. Bc7 Bd4+ 32. Kh1 Rdd2 33. g4 Ra2 34. a5 Ra4 35. Bd6 Raa2 36. Re7+ Kg6 37. Bxc5+ Bf6 38. Re1 Rxh2+ 39. Kg1 Rhc2 40. Kf1 Rxa5 0-1


[Site "https://www.chess.com"]

[Event "Titled Tuesday Blitz May 03 Late 2022"]
[White "Winkels, Marcel"]
[Black "Mikhalsky, Vladimir"]
[WhiteFideId "1003887"]
[BlackFideId "14144352"]
[WhiteElo "1900"]
[BlackElo "2301"]
[Result "0-1"]
[Round "11"]
[TimeControl "180+1"]
[Date "2022.05.03"]
[WhiteClock "0:02:04"]
[BlackClock "0:02:17"]

1. e4 c5 2. Nf3 Nc6 3. Bb5 g6 4. O-O Bg7 5. c3 a6 6. Bxc6 dxc6 7. d4 cxd4 8. cxd4 Bg4 9. e5 Bxf3 10. gxf3 Nh6 11. Bg5 Nf5 12. Be3 Qd7 13. Qd2 Nh4 14. Kh1 Qh3 15. Rg1 Qxf3+ 0-1


[Site "https://www.chess.com"]

[Event "Titled Tuesday Blitz May 03 Late 2022"]
[White "Yanayt, Eugene"]
[Black "Gurevich, Dmitry"]
[WhiteFideId "2020165"]
[BlackFideId "2000407"]
[WhiteElo "2046"]
[BlackElo "2506"]
[Result "1/2-1/2"]
[Round "11"]
[TimeControl "180+1"]
[Date "2022.05.03"]
[WhiteClock "0:00:04"]
[BlackClock "0:01:10"]

1. d4 Nf6 2. c4 a6 3. Nc3 c5 4. Nf3 cxd4 5. Nxd4 d5 6. e3 g6 7. cxd5 Nxd5 8. Bc4 Nxc3 9. bxc3 Bg7 10. O-O O-O 11. Bb2 Qc7 12. Bb3 Nc6 13. Qe2 Na5 14. c4 e5 15. Nf3 Be6 16. Rac1 b6 17. Bc3 Nb7 18. Qb2 f6 19. c5 Nxc5 20. Bxe6+ Nxe6 21. Bxe5 Qb7 22. Qb3 Rae8 23. Rc7 Qe4 24. Rc4 Qb7 25. Rc7 Qe4 26. Bd6 Rf7 27. Rxf7 Kxf7 28. Qxb6 Qd5 29. Qxa6 Ra8 30. Qb6 Rxa2 31. h3 g5 32. Bg3 h5 33. h4 g4 34. Nd4 Nxd4 35. exd4 Rd2 36. Re1 Kg6 37. Qb1+ Qf5 38. Qb4 Qd3 39. Qe7 Rd1 40. Qe8+ Kh6 41. Bf4+ Kh7 42. Qxh5+ Kg8 43. Qe8+ Kh7 44. Qh5+ Kg8 45. Qd5+ Kh7 46. Rxd1 Qxd1+ 47. Kh2 Kg6 48. h5+ Kh7 49. Qf5+ Kg8 50. d5 Qd4 51. h6 Bf8 52. Qxg4+ Kh7 53. Qf5+ Kh8 54. g4 Qxf2+ 55. Kh3 Qf3+ 56. Kh4 Qh1+ 57. Kg3 Qg1+ 58. Kf3 Qf1+ 59. Kg3 Qg1+ 60. Kh3 Qf1+ 61. Kh2 Qf2+ 62. Kh3 Qf1+ 63. Kg3 Qg1+ 1/2-1/2


[Site "https://www.chess.com"]

[Event "Titled Tuesday Blitz May 03 Late 2022"]
[White "Zhigalko, Sergei"]
[Black "Matinian, Nikita"]
[WhiteFideId "13502956"]
[BlackFideId "24129100"]
[WhiteElo "2662"]
[BlackElo "2422"]
[Result "1-0"]
[Round "11"]
[TimeControl "180+1"]
[Date "2022.05.03"]
[WhiteClock "0:00:06"]
[BlackClock "0:00:02"]

1. e4 d6 2. d4 g6 3. Nc3 Bg7 4. Nf3 a6 5. Be3 b5 6. a4 b4 7. Ne2 Bb7 8. Ng3 h5 9. Bd3 Nd7 10. c3 h4 11. Ne2 h3 12. gxh3 e5 13. Qb3 Rb8 14. Ng5 Qf6 15. f4 bxc3 16. Qxc3 Qd8 17. fxe5 dxe5 18. Rf1 Nh6 19. Bc4 O-O 20. O-O-O Qe7 21. h4 Nf6 22. dxe5 Nxe4 23. Nxe4 Bxe4 24. Bg5 Qb4 25. Qxb4 Rxb4 26. b3 Nf5 27. Ng3 Nxg3 28. hxg3 Bf5 29. Be7 Rxc4+ 30. bxc4 Rb8 31. Rd8+ Rxd8 32. Bxd8 Bxe5 33. Rf3 Bg4 34. Re3 Bd4 35. Re8+ Kg7 36. Bxc7 Be6 37. c5 Bxc5 38. Be5+ f6 39. Rxe6 fxe5 40. Rxe5 Bd6 41. Rg5 Kf6 42. Kc2 Be7 43. Kd3 1-0


[Site "https://www.chess.com"]

[Event "Titled Tuesday Blitz May 03 Late 2022"]
[White "Zhou, Qiyu"]
[Black "Hernandez Bermudez, Ulises Eduardo"]
[WhiteFideId "505161"]
[BlackFideId "3902510"]
[WhiteElo "1925"]
[BlackElo "2056"]
[Result "0-1"]
[Round "11"]
[TimeControl "180+1"]
[Date "2022.05.03"]
[WhiteClock "0:00:01"]
[BlackClock "0:00:47"]

1. e4 c5 2. Nf3 d6 3. d4 cxd4 4. Nxd4 Nf6 5. Nc3 a6 6. Be3 e5 7. Nb3 Be7 8. h3 O-O 9. Qf3 Be6 10. O-O-O Nbd7 11. g4 Nb6 12. g5 Nfd7 13. h4 Rc8 14. Kb1 Nc4 15. Bxc4 Rxc4 16. Rdg1 a5 17. h5 a4 18. Nd2 Rxc3 19. bxc3 Qc7 20. c4 Bxc4 21. Nxc4 Qxc4 22. Bc1 Nc5 23. Rg4 Ne6 24. Qd3 Qb4+ 25. Ka1 Rc8 26. g6 Qd4+ 27. Bb2 Qxd3 28. gxh7+ Kxh7 29. cxd3 Rc2 30. h6 g6 31. Rf1 Nf4 32. d4 Nd3 33. Ba3 exd4 34. Kb1 Rc3 35. Bb2 Rc4 36. e5 dxe5 37. Ka1 Rc2 38. Ba3 Bxa3 0-1